 Dungeon Crawl Stone Soup version 0.28.0 (webtiles) character file.

Game seed: 11044583149118028668

3049 horus123 the Fanfare of Bloodshed (level 9, -6/75 HPs)
             Began as a Demonspawn Gladiator on Feb 8, 2022.
             Was a Believer of Makhleb.
             Mangled by a seven-headed hydra (10 damage)
             ... on level 6 of the Dungeon.
             The game lasted 00:13:18 (7487 turns).

horus123 the Fanfare of Bloodshed (DsGl)            Turns: 7487, Time: 00:13:19

Health: -6/75      AC:  8    Str: 15    XL:     9   Next: 57%
Magic:  16/16      EV: 10    Int: 12    God:    Makhleb [**....]
Gold:   581        SH:  7    Dex: 16    Spells: 8/8 levels left

rFire   . . .      SeeInvis .   j - +3 mace (vorpal)
rCold   . . .      Faith    .   n - +0 kite shield
rNeg    . . .      Spirit   .   b - +0 leather armour
rPois   .          Reflect  .   (helmet restricted)
rElec   .          Harm     .   (no cloak)
rCorr   +          Rampage  .   l - +0 pair of gloves
Will    .....                   (no boots)
Stlth   +.........              (no amulet)
HPRegen 0.22/turn               p - ring of resist corrosion
MPRegen 0.15/turn               i - +4 ring of protection

@: no status effects
A: antennae 1, hooves 1, demonic guardian 2, powered by pain 1, demonic touch 1
a: Renounce Religion, Minor Destruction


You were on level 6 of the Dungeon.
You worshipped Makhleb.
Makhleb was pleased with you.
You visited 2 branches of the dungeon, and saw 8 of its levels.
You also visited: Ossuary.

You collected 581 gold pieces.

Inventory:

Hand Weapons
 a - a +0 long sword
 h - a +1 morningstar
 j - a +3 vorpal mace (weapon)
 A - a +2 great sword
Missiles
 d - 3 throwing nets
 g - 9 datura-tipped darts
Armour
 b - a +0 leather armour (worn)
 l - a +0 pair of gloves (worn)
 n - a +0 kite shield (worn)
Jewellery
 i - a +4 ring of protection (right hand)
 k - a ring of positive energy
 p - a ring of resist corrosion (left hand)
 x - an amulet of magic regeneration
Wands
 w - a wand of flame (7)
Scrolls
 c - a scroll of vulnerability
 q - a scroll of identify
 r - a scroll of fog
 u - 2 scrolls of magic mapping
 y - a scroll of amnesia {unknown}
 z - a scroll of immolation {unknown}
Potions
 e - 3 potions of might
 f - 11 potions of curing
 m - a potion of attraction
 o - 3 potions of magic
 t - 3 potions of lignification
 v - a potion of heal wounds


   Skills:
 + Level 8.5 Fighting
 - Level 2.6 Long Blades
 - Level 6.2 Maces & Flails
 - Level 1.7 Throwing
 - Level 2.6 Dodging
 - Level 10.2 Invocations


You had 8 spell levels left.
You didn't know any spells.
Your spell library contained the following spells:

 Spells                   Type           Power      Damage    Failure   Level
 Sting                    Tmut/Pois      0%         1d3       83%         1
 Call Imp                 Summ           0%         N/A       92%         2
 Passwall                 Tmut/Erth      0%         N/A       92%         2
 Poisonous Vapours        Pois/Air       0%         N/A       92%         2
 Call Canine Familiar     Summ           0%         N/A       99%         3
 Stone Arrow              Conj/Erth      0%         3d7       99%         3
 Summon Guardian Golem    Hex/Summ       0%         N/A       99%         3
 Malign Gateway           Summ/Tloc      0%         N/A       100%        7


Dungeon Overview and Level Annotations

Branches:
Dungeon (7/15)             Temple (1/1) D:4         Ossuary (visited)

Altars:
Ashenzari
Cheibriados
Dithmenos
Elyvilon
Fedhas
Gozag
Hepliaklqana
Kikubaaqudgha
Makhleb
Okawaru
Qazlal
Ru
Sif Muna
Trog
Wu Jian
Xom
Yredelemnul
Zin
The Shining One


Innate Abilities, Weirdness & Mutations

You have a pair of small antennae on your head.
You have large cloven feet.
A demonic guardian rushes to your aid.
You sometimes gain a little power by taking damage.
Your touch may inflict minor irresistible damage on your foes.


Message History

The seven-headed hydra bites you!
* * * LOW HITPOINT WARNING * * *
The seven-headed hydra bites you!
* * * LOW HITPOINT WARNING * * *
You are too injured to fight recklessly!
You are too injured to fight recklessly!
Your orange demon stings the seven-headed hydra.
Your orange demon hits the seven-headed hydra.
Your orange demon stings the seven-headed hydra.
Your orange demon hits the seven-headed hydra.
The seven-headed hydra bites your orange demon!
The seven-headed hydra completely misses your orange demon.
The seven-headed hydra bites your orange demon but does no damage.
The seven-headed hydra bites your orange demon! x3
Your orange demon dies!
Your orange demon disappears in a puff of smoke!
There is a stone staircase leading up here.
You climb upwards.
There is a stone staircase leading down here.
You start resting.
HP restored.
You climb downwards.
The seven-headed hydra bites you! x3
The seven-headed hydra bites you. The seven-headed hydra bites you! x2
* * * LOW HITPOINT WARNING * * *
You block the seven-headed hydra's attack.
There is a stone staircase leading up, spattered with blood here.
You block the seven-headed hydra's attack.
The seven-headed hydra bites you!
* * * LOW HITPOINT WARNING * * *
A demonic guardian appears!
The seven-headed hydra bites you.
* * * LOW HITPOINT WARNING * * *
The seven-headed hydra bites you but does no damage.
The seven-headed hydra barely misses you.
The seven-headed hydra misses you.
You block the seven-headed hydra's attack.
You climb upwards.
There is a stone staircase leading down here.
The seven-headed hydra bites you but does no damage.
The seven-headed hydra bites you!
You die...

#......##.###..(.........
#......(....(......####..
#......##.###....#.## #.#
#......#....#....#..###.#
#......#....#######..##.#
########....# ##....#
#....# #.#### #....# ###
#@...# #>D..# #....#
#....# ######


You could see a seven-headed hydra.

Vanquished Creatures
  A centaur zombie (D:5)
  A wyvern (D:7)
  A sky beast (D:6)
  3 ice beasts
  A black bear (D:5)
  3 ogres
  A necrophage (D:4)
  A centaur (D:5)
  2 phantoms (D:5)
  A bullfrog (D:4)
  Blork the orc (D:4)
  A wyvern zombie (D:7)
  3 wights (D:7)
  4 howler monkeys
  A bullfrog zombie (D:7)
  4 orc priests
  5 hounds
  4 jellies
  3 iguanas
  Jessica (D:2)
  2 centaur skeletons
  3 orc wizards
  9 mummies
  A hound skeleton (D:4)
  6 gnolls
  7 adders
  3 white imps
  3 ufetubi
  A worm (D:2)
  14 orcs
  7 bats
  5 endoplasms
  4 giant cockroaches
  7 goblins
  9 hobgoblins
  6 jackals
  7 kobolds
  2 quokkas
  9 ball pythons
  3 frilled lizards
  A gnoll zombie (Ossuary)
  2 goblin zombies (D:5)
  A hobgoblin zombie (Ossuary)
  A kobold zombie (Ossuary)
  5 orc zombies (Ossuary)
  2 rats (D:1)
162 creatures vanquished.

Vanquished Creatures (collateral kills)
  A wight (D:6)
1 creature vanquished.

Vanquished Creatures (others)
  An orc wizard (D:4)
  3 plants
4 creatures vanquished.

Grand Total: 167 creatures vanquished

Notes
Turn   | Place    | Note
-------+----------+-------------------------------------------
     0 | D:1      | horus123 the Demonspawn Gladiator began the quest for the
                  | Orb.
     0 | D:1      | Reached XP level 1. HP: 16/16 MP: 1/1
   219 | D:1      | Discovered your monstrous ancestry.
   219 | D:1      | Gained mutation: Your touch may inflict minor irresistible
                  | damage on your foes. [demonic ancestry]
   219 | D:1      | Reached XP level 2. HP: 20/23 MP: 2/2
   821 | D:1      | Reached skill level 1 in Maces & Flails
  1031 | D:2      | Gained mutation: You have large cloven feet. [demonic
                  | ancestry]
  1031 | D:2      | Reached XP level 3. HP: 27/29 MP: 3/3
  1032 | D:2      | Noticed Jessica
  1060 | D:2      | Killed Jessica
  1081 | D:2      | Reached XP level 4. HP: 8/35 MP: 4/4
  2098 | D:3      | Gained mutation: A weak demonic guardian rushes to your
                  | aid. [demonic ancestry]
  2098 | D:3      | Reached XP level 5. HP: 41/41 MP: 5/5
  3204 | D:4      | Noticed Blork the orc
  3209 | D:4      | Reached skill level 5 in Maces & Flails
  3209 | D:4      | Gained mutation: A demonic guardian rushes to your aid.
                  | [demonic ancestry]
  3209 | D:4      | Reached XP level 6. HP: 44/47 MP: 6/6
  3251 | D:4      | Killed Blork the orc
  3352 | D:4      | Found a staircase to the Ecumenical Temple.
  3402 | Temple   | Entered the Ecumenical Temple
  3456 | Temple   | Became a worshipper of Makhleb the Destroyer
  3629 | D:4      | Gained mutation: You sometimes gain a little power by
                  | taking damage. [demonic ancestry]
  3629 | D:4      | Reached XP level 7. HP: 49/52 MP: 7/7
  3654 | D:4      | Reached skill level 1 in Invocations
  3706 | D:4      | Reached skill level 3 in Invocations
  3776 | D:4      | Reached skill level 4 in Invocations
  3961 | D:5      | Entered Level 5 of the Dungeon
  3967 | D:5      | Reached skill level 5 in Invocations
  4033 | D:5      | Reached * piety under Makhleb
  4048 | D:5      | Reached skill level 8 in Invocations
  4048 | D:5      | Reached XP level 8. HP: 26/58 MP: 11/14
  4260 | D:5      | Found a sand-covered staircase.
  4266 | Ossuary  | Entered an ossuary
  4356 | Ossuary  | Reached skill level 9 in Invocations
  4599 | D:5      | You fall into a shaft and drop 1 floor!
  4686 | D:6      | Reached skill level 10 in Invocations
  5363 | D:5      | Found a basalt altar of Yredelemnul.
  5434 | D:5      | Reached skill level 5 in Fighting
  5629 | D:5      | Got the Grimoire of Companions
  5671 | D:5      | Reached ** piety under Makhleb
  5672 | D:5      | Gained mutation: You have a pair of small antennae on your
                  | head. [demonic ancestry]
  5672 | D:5      | Reached XP level 9. HP: 67/68 MP: 16/16
  5869 | D:6      | Got the Guide on Earth and Poisoning
  7076 | D:7      | Noticed a tengu warrior
  7078 | D:7      | Noticed a seven-headed hydra
  7084 | D:7      | HP: 2/75 [tengu warrior (2)]
  7485 | D:7      | HP: 3/75 [seven-headed hydra (5)]
  7487 | D:6      | Mangled by a seven-headed hydra

Illustrated notes

Levels and vault maps discovered:
D:1:      onia_arrival_handbag, layout_basic, serial_park_tiny_2,
          serial_bayou_lake_a
D:2:      layout_rooms, basic_altar, uniq_jessica
D:3:      layout_basic
D:4:      layout_rooms, minmay_temple_entry_overgrown, kennysheep_doodads,
          minmay_distorted, uniq_blork_the_orc
D:5:      layout_gridville, mainiacjoe_overflow_alcove_1,
          nicolae_ossuary_entry_giza, st_stairs_8
D:6:      wander_river, layout_rooms, serial_rivers,
          chequers_serial_rivers_micro_d, chequers_serial_rivers_marsh,
          chequers_serial_rivers_marsh, chequers_serial_rivers_micro_c,
          chequers_serial_rivers_micro_b, chequers_serial_rivers_micro_b,
          kennysheep_generic_room_10
D:7:      nzn_winding_woodlands_medium [nzn_winding_woodlands_5x5_checkerboard,
          nzn_winding_woodlands_5x15_pathside_ponds,
          nzn_winding_woodlands_5x5_perimeter,
          nzn_winding_woodlands_5x5_closed_star,
          nzn_winding_woodlands_center_lodge, nzn_winding_woodlands_5x5_cross,
          nzn_winding_woodlands_hourglass, nzn_winding_woodlands_5x15_sawtooth,
          nzn_winding_woodlands_5x5_default], layout_basic, grunt_tough_drop
Temple:   compressed_dpeg_triangle_lava_temple

Skill      XL: |  1  2  3  4  5  6  7  8  9 |
---------------+----------------------------+-----
Fighting       | 3 5 8 |  8.5
Maces & Flails | 1 2 3 5 6 |  6.2
Invocations    | 8 10 | 10.2
Long Blades    | |  2.6
Throwing       | |  1.7
Dodging        | |  2.6

Action                   |  1- 3 |  4- 6 |  7- 9 || total
-------------------------+-------+-------+-------++-------
Melee: Long sword        |    69 |       |       ||    69
       Punch             |     1 |       |     4 ||     5
       Touch             |     8 |    17 |    36 ||    61
       Morningstar       |    10 |     8 |       ||    18
       Kick              |     4 |    17 |    90 ||   111
       Mace              |       |    90 |   258 ||   348
Invok: Minor Destruction |       |       |    21 ||    21
  Use: Scroll            |     2 |     5 |    10 ||    17
       Potion            |       |       |     2 ||     2
 Stab: Sleeping          |       |       |     2 ||     2
Armor: Leather armour    |    43 |    45 |   127 ||   215
Dodge: Dodged            |    66 |    75 |   163 ||   304
Block: Kite shield       |       |       |    57 ||    57
